 Dungeon Crawl Stone Soup version 0.19.5 (webtiles) character file.

11844 McKennaii the Thaumaturge (level 11, -3/66 HPs)
             Began as a Deep Elf Fire Elementalist on May 15, 2017.
             Was an Elder of Vehumet.
             Slain by an orc knight
             ... wielding a +0 glaive
              (14 damage)
             ... in a bailey.
             The game lasted 00:46:36 (10115 turns).

McKennaii the Thaumaturge (DEFE)                   Turns: 10115, Time: 00:46:37

Health: -3/66      AC: 17    Str:  8    XL:     11   Next: 54%
Magic:  3/38       EV: 12    Int: 28    God:    Vehumet [****..]
Gold:   996        SH:  0    Dex: 15    Spells: 7 memorised, 15 levels left

rFire  + . .     SeeInvis .     (no weapon)
rCold  . . .     Gourm    .     y - +8 ring mail of Hadjma {rPois rF+ Str+3 Slay+3}
rNeg   . . .     Faith    .     (no shield)
rPois  +         Spirit   .     w - +0 helmet
rElec  .         Reflect  .     (no cloak)
rCorr  .         Harm     .     r - +0 pair of gloves
MR     +....                    q - +0 pair of boots
Stlth  ++........               i - amulet of regeneration
                                p - ring of magical power
                                o - +4 ring of intelligence

@: no status effects
A: no striking features
a: Renounce Religion


You were in a bailey.
You worshipped Vehumet.
Vehumet was greatly pleased with you.
You were hungry.

You visited 2 branches of the dungeon, and saw 11 of its levels.
You also visited: Bailey.

You collected 1251 gold pieces.
You spent 255 gold pieces at shops.

Inventory:

Armour
 q - a +0 pair of boots (worn)
 r - a +0 pair of gloves (worn)
 w - a +0 helmet (worn)
 y - the +8 ring mail of Hadjma (worn) {rPois rF+ Str+3 Slay+3}
   (You found it on level 5 of the Dungeon)

   It affects your strength (+3).
   It affects your accuracy and damage with ranged weapons and melee attacks
   (+3).
   It protects you from fire.
   It protects you from poison.
Jewellery
 i - an amulet of regeneration (around neck)
 o - a +4 ring of intelligence (left hand)
 p - a ring of magical power (right hand)
Wands
 E - a wand of confusion (31/48)
 H - a wand of acid (5/15)
 M - a wand of disintegration (18/24)
 N - a wand of acid (7/15)
Scrolls
 e - 4 scrolls of immolation {unknown}
 f - 2 scrolls of identify
 j - a scroll of amnesia {unknown}
 n - a scroll of enchant armour {unknown}
 s - 7 scrolls of teleportation
 t - 4 scrolls of blinking {unknown}
 B - 2 scrolls of remove curse {unknown}
 C - 3 scrolls of enchant weapon {unknown}
 I - a scroll of fog {unknown}
 K - a scroll of magic mapping {unknown}
 O - a scroll of noise {unknown}
Potions
 a - 2 potions of brilliance
 d - 10 potions of curing
 g - 2 potions of mutation
 h - 2 potions of resistance
 k - 3 potions of haste
 l - 3 potions of heal wounds
 m - a potion of agility
 x - a potion of lignification {unknown}
 z - 2 potions of invisibility {unknown}
 A - 2 potions of beneficial mutation
 D - 2 potions of cancellation {unknown}
 J - a potion of flight {unknown}
 Q - 2 potions of might {unknown}
 R - a potion of berserk rage {unknown}
 S - a potion of experience {unknown}
Books
 b - a book of Flames

   Spells                             Type                      Level
   a - Flame Tongue                   Conjuration/Fire             1
   b - Throw Flame                    Conjuration/Fire             2
   c - Conjure Flame                  Conjuration/Fire             3
   d - Inner Flame                    Hexes/Fire                   3
   e - Sticky Flame                   Conjuration/Fire             4
   f - Fireball                       Conjuration/Fire             5
 G - a book of Geomancy

   Spells                             Type                      Level
   a - Sandblast                      Earth                        1
   b - Passwall                       Transmutation/Earth          2
   c - Stone Arrow                    Conjuration/Earth            3
   d - Petrify                        Transmutation/Earth          4
   e - Lee's Rapid Deconstruction     Earth                        5
 L - a book of Battle

   Spells                             Type                      Level
   a - Infusion                       Charms                       1
   b - Shroud of Golubria             Charms/Translocation         2
   c - Song of Slaying                Charms                       2
   d - Spectral Weapon                Hexes/Charms                 3
   e - Regeneration                   Charms/Necromancy            3
Comestibles
 c - 8 bread rations
 u - 7 slices of pizza
 v - 3 chunks of flesh
 F - a meat ration
 P - a royal jelly


   Skills:
 * Level 6.8 Fighting
 + Level 3.4 Armour
 + Level 5.2 Dodging
 + Level 4.6 Stealth
 + Level 0.1 Unarmed Combat
 + Level 12.2 Spellcasting
 + Level 9.1 Conjurations
 + Level 0.2 Translocations
 + Level 10.2 Fire Magic


You had 15 spell levels left.
You knew the following spells:

 Your Spells              Type           Power        Failure   Level  Hunger
a - Flame Tongue          Conj/Fire      #####        1%          1    None
b - Throw Flame           Conj/Fire      ######       1%          2    None
c - Conjure Flame         Conj/Fire      ######..     1%          3    None
d - Magic Dart            Conj           ####         1%          1    None
e - Force Lance           Conj/Tloc      #####...     4%          4    None
f - Fireball              Conj/Fire      ######....   1%          5    ##.....
o - Ignite Poison         Fire/Tmut/Pois #####...     2%          3    None


Dungeon Overview and Level Annotations

Branches:
Dungeon (10/15)            Temple (1/1) D:5            Lair (0/6) D:10
    Orc (0/2) D:9

Altars:
Ashenzari
Cheibriados
Dithmenos
Elyvilon
Fedhas
Gozag
Hepliaklqana
Kikubaaqudgha
Makhleb
Nemelex Xobeh
Okawaru
Qazlal
Ru
Sif Muna
Trog
Uskayaw
Vehumet
Xom
Yredelemnul
Zin
The Shining One

Shops:
D:7 *


Message History

Confirm with . or Enter, or press ? or * to list all spells.
Aiming: Flame Tongue
Press: ? - help, Shift-Dir - straight line, f/p - orc knight
Aim: an orc knight, wielding a glaive and wearing a chain mail (almost dead, unusually strong)
The flame tongue hits the orc knight.
The orc knight is almost dead.
Casting: Flame Tongue
Confirm with . or Enter, or press ? or * to list all spells.
You don't have enough magic to cast that spell.
The orc knight no longer looks unusually strong. x2
The orc knight hits you from afar with a trident.
The orc knight roars a battlecry!
The orc knight goes into a battle-frenzy!
The orc knight roars a battlecry!
The orc knight goes into a battle-frenzy!
The orc knight closely misses you.
The orc knight hits you from afar with a trident!!
* * * LOW HITPOINT WARNING * * *
The orc knight hits you from afar with a glaive!
You die...

############ #######
##.∩........## ##.....####
#............######.......#..
#.......)))..#o...#.).))).'..
#∩.......)))@'o...'.).))).'..
#......)).)..#....#...))..'..
#............######.......#..
##.∩........## ##.....####
############ #######


You could see 2 orc knights.

Vanquished Creatures
  A hill giant (D:10)
  Pikel (D:8)
  A centaur zombie (D:10)
  2 komodo dragons (D:10)
  The ghost of forSC1ENCE the Destroyer, a novice HEWz (D:5)
  A troll (D:7)
  A hornet (D:8)
  A hippogriff (D:9)
  Prince Ribbit (D:8)
  2 dream sheep (D:4)
  The ghost of raetorn the Ruffian, an amateur TrBe of Trog (D:4)
  A human (D:9)
  13 yaks
  Grum (D:8)
  2 steam dragons (D:10)
  2 wargs (D:9)
  An insubstantial wisp (D:7)
  13 orc warriors
  5 sky beasts
  3 ogres
  A necrophage (D:9)
  3 wolves
  2 centaurs
  A crocodile (D:10)
  6 bullfrogs
  A scorpion (D:7)
  25 killer bees
  A howler monkey (D:6)
  An electric eel (D:10)
  2 crimson imps (D:8)
  9 hounds
  A bullfrog zombie (D:8)
  A quasit (D:5)
  A bullfrog skeleton (D:6)
  2 jellies
  4 orc priests (D:9)
  15 orc wizards
  7 iguanas
  Terence (D:1)
  6 worker ants
  A hound zombie (D:6)
  2 worker ant zombies
  Robin (D:4)
  A howler monkey zombie (D:8)
  10 adders
  A river rat (D:4)
  2 shadow imps
  An ooze (D:6)
  A worm (D:4)
  2 dart slugs
  7 leopard geckos
  78 orcs
  3 ball pythons
  7 bats
  9 giant cockroaches
  9 hobgoblins
  13 kobolds
  3 quokkas
  10 frilled lizards
  21 goblins
  A quokka skeleton (D:4)
  6 rats
333 creatures vanquished.

Vanquished Creatures (others)
  A komodo dragon (D:10)
  3 dream sheep (D:4)
  An orc wizard (D:4)
5 creatures vanquished.

Grand Total: 338 creatures vanquished

Notes
Turn   | Place    | Note
-------+----------+-------------------------------------------
     0 | D:1      | McKennaii the Deep Elf Fire Elementalist began the quest for the Orb.
     0 | D:1      | Reached XP level 1. HP: 10/10 MP: 6/6
   186 | D:1      | Reached XP level 2. HP: 11/15 MP: 4/8
   840 | D:2      | Noticed Terence
   872 | D:2      | Reached XP level 3. HP: 19/19 MP: 7/10
  1028 | D:1      | Learned a level 2 spell: Throw Flame
  1032 | D:1      | Learned a level 3 spell: Conjure Flame
  1168 | D:1      | Killed Terence
  1168 | D:1      | Reached skill level 4 in Spellcasting
  1368 | D:2      | Reached XP level 4. HP: 24/24 MP: 8/12
  1419 | D:2      | Found a sacrificial altar of Ru.
  1918 | D:3      | Reached skill level 1 in Fighting
  2019 | D:3      | Found a snail-covered altar of Cheibriados.
  2043 | D:3      | Reached XP level 5. HP: 29/29 MP: 13/13
  2577 | D:4      | Noticed raetorn's ghost (amateur TrBe)
  2674 | D:4      | Killed raetorn's ghost
  2674 | D:4      | Reached skill level 5 in Spellcasting
  2674 | D:4      | Reached XP level 6. HP: 35/35 MP: 9/16
  2682 | D:4      | Learned a level 5 spell: Fireball
  2719 | D:4      | Reached skill level 5 in Fire Magic
  2785 | D:4      | Reached skill level 6 in Spellcasting
  2842 | D:4      | Reached XP level 7. HP: 34/40 MP: 10/18
  2914 | D:4      | Noticed Robin
  2942 | D:4      | Killed Robin
  3189 | D:4      | Found a shimmering altar of Xom.
  3189 | D:4      | Noticed a dream sheep
  3189 | D:4      | Noticed a dream sheep
  3189 | D:4      | Noticed a dream sheep
  3189 | D:4      | Noticed a dream sheep
  3189 | D:4      | Noticed a dream sheep
  3193 | D:4      | Killed a dream sheep
  3195 | D:4      | Killed a dream sheep
  3195 | D:4      | Killed a dream sheep
  3196 | D:4      | Killed a dream sheep
  3197 | D:4      | Killed a dream sheep
  3971 | D:5      | Entered Level 5 of the Dungeon
  3977 | D:5      | Noticed forSC1ENCE's ghost (novice HEWz)
  4000 | D:5      | Killed forSC1ENCE's ghost
  4000 | D:5      | Reached skill level 7 in Spellcasting
  4000 | D:5      | Reached XP level 8. HP: 46/46 MP: 15/20
  4269 | D:5      | Got a distressingly furry ring mail
  4332 | D:5      | Noticed a hippogriff
  4386 | D:5      | Reached skill level 5 in Conjurations
  4401 | D:4      | Identified the +8 ring mail of Hadjma {rPois rF+ Str+3 Slay+3} (You found it on level 5 of the Dungeon)
  4577 | D:5      | Found a staircase to the Ecumenical Temple.
  4910 | Temple   | Entered the Ecumenical Temple
  5156 | Temple   | Became a worshipper of Vehumet
  5323 | D:6      | Reached skill level 8 in Spellcasting
  5728 | D:7      | Reached skill level 1 in Armour
  5790 | D:7      | Reached XP level 9. HP: 52/52 MP: 23/23
  5857 | D:7      | Noticed a troll
  6139 | D:7      | Killed a troll
  6318 | D:7      | Reached * piety under Vehumet
  6318 | D:7      | Offered knowledge of Magic Dart by Vehumet.
  6321 | D:7      | Learned a level 1 spell: Magic Dart
  6618 | D:7      | Found Uroethry's Assorted Antiques.
  6634 | D:7      | Bought a thick sapphire amulet for 120 gold pieces
  6634 | D:7      | Bought a scroll labeled RAPOTSUNNI for 24 gold pieces
  6634 | D:7      | Bought a silvery potion for 21 gold pieces
  6634 | D:7      | Bought a cyan potion for 21 gold pieces
  6634 | D:7      | Bought a scroll labeled REREIPL POCHO for 24 gold pieces
  6634 | D:7      | Bought a puce potion for 21 gold pieces
  6634 | D:7      | Bought a scroll labeled OLECWO VISIA for 24 gold pieces
  6898 | D:8      | Noticed Prince Ribbit
  6903 | D:8      | Noticed Grum
  6905 | D:8      | Killed Grum
  6905 | D:8      | Reached skill level 9 in Spellcasting
  7364 | D:8      | Reached skill level 5 in Fighting
  7377 | D:8      | Killed Prince Ribbit
  7575 | D:8      | Reached XP level 10. HP: 59/59 MP: 22/25
  7715 | D:8      | Noticed Pikel
  7731 | D:8      | Killed Pikel
  7860 | D:8      | Reached skill level 10 in Spellcasting
  7963 | D:8      | Found a white marble altar of Elyvilon.
  8443 | D:9      | Reached ** piety under Vehumet
  8448 | D:9      | Offered knowledge of Searing Ray by Vehumet.
  8749 | D:9      | Offered knowledge of Ignite Poison by Vehumet.
  8757 | D:9      | Learned a level 3 spell: Ignite Poison
  8770 | D:9      | Found a staircase to the Orcish Mines.
  8798 | D:9      | Reached skill level 11 in Spellcasting
  9113 | D:9      | Reached XP level 11. HP: 64/64 MP: 25/28
  9216 | D:9      | Reached *** piety under Vehumet
  9281 | D:10     | Entered Level 10 of the Dungeon
  9337 | D:10     | Noticed a hill giant
  9342 | D:10     | Killed a hill giant
  9461 | D:10     | Offered knowledge of Force Lance by Vehumet.
  9467 | D:10     | Learned a level 4 spell: Force Lance
  9502 | D:10     | Reached skill level 10 in Fire Magic
  9684 | D:10     | Reached skill level 5 in Dodging
  9766 | D:10     | Found a staircase to the Lair.
  9962 | D:10     | Reached skill level 12 in Spellcasting
  9964 | D:10     | Found a flagged portal.
  9976 | Bailey   | Entered a bailey
 10025 | Bailey   | Reached **** piety under Vehumet
 10077 | Bailey   | Offered knowledge of Venom Bolt by Vehumet.
 10082 | Bailey   | Noticed an orc knight
 10082 | Bailey   | Noticed an orc knight
 10115 | Bailey   | Slain by an orc knight

Skill      XL: |  1  2  3  4  5  6  7  8  9 10 11 |
---------------+----------------------------------+-----
Fire Magic     | 4 5 6 7 8 9 10 | 10.2
Spellcasting   | 4 5 6 7 8 9 11 12 | 12.2
Fighting       | 1 2 3 5 6 |  6.8
Conjurations   | 2 3 4 5 7 8 9 |  9.1
Stealth        | 3 4 |  4.6
Dodging        | 3 4 5 |  5.2
Armour         | 1 2 3 |  3.4
Unarmed Combat | |  0.1
Translocations | |  0.2

Action                   |  1- 3 |  4- 6 |  7- 9 | 10-12 || total
-------------------------+-------+-------+-------+-------++-------
Melee: Unarmed           |     1 |     1 |    10 |     1 ||    13
 Cast: Flame Tongue      |    66 |   125 |   334 |   329 ||   854
       Conjure Flame     |     2 |     4 |     8 |     7 ||    21
       Throw Flame       |       |     1 |    12 |    16 ||    29
       Fireball          |       |       |    11 |    37 ||    48
       Magic Dart        |       |       |     5 |     5 ||    10
       Force Lance       |       |       |       |     6 ||     6
  Use: Scroll            |       |       |     1 |     9 ||    10
  Eat: Chunk             |     1 |     5 |    10 |     8 ||    24
       Meat ration       |       |       |     1 |       ||     1
       Beef jerky        |       |       |     1 |       ||     1
       Pizza             |       |       |       |     1 ||     1
Armor: Robe              |     9 |     9 |    19 |       ||    37
       Ring mail         |       |       |    87 |    75 ||   162
Dodge: Dodged            |    40 |    35 |   144 |   105 ||   324
